EL
MONTGOMERY BISCUITS @ JACKSON GENERALS
06/26/2048
 
TOP OF THE 1ST
Montgomery Biscuits batting - Pitching for Jackson Generals : RHP Frank Kats
Pitching: RHP Frank Kats
Batting: LHB Darryl Gonnella 0-0: Called Strike
0-1: Swinging Strike
0-2: Ball
1-2: SINGLE (Groundball, 4, EV 98.8 MPH)
Batting: RHB Chris Thorson 0-0: Ball
1-0: Ball
2-0: Called Strike
2-1: Called Strike
2-2: Strikes out swinging
Batting: RHB Alex Diaz 0-0: Ball
Darryl Gonnella steals 2nd base
1-0: Called Strike
Darryl Gonnella steals 3rd base
1-1: Foul Ball, location: 2F
1-2: 2-RUN HOME RUN (Flyball, 9LD, EV 95.6 MPH), Distance : 346 ft
Batting: LHB Eric Toney 0-0: Ball
1-0: Ball
2-0: Foul Ball, location: 2F
2-1: Ball
3-1: Base on Balls
Batting: RHB James Huddleston 0-0: Grounds into double play, 4-6-3 (Groundball, 34D, EV 87.5 MPH)
Top of the 1st over - 2 runs, 2 hits, 0 errors, 0 left on base; Montgomery 2 - Jackson 0
BOTTOM OF THE 1ST
Jackson Generals batting - Pitching for Montgomery Biscuits : RHP Miguel Romero
Pitching: RHP Miguel Romero
Batting: RHB Tomokazu Sugimoto 0-0: SINGLE (Line Drive, 9LS, EV 94.4 MPH)
Batting: RHB Ryan Criollo 0-0: Called Strike
0-1: Ball
1-1: Swinging Strike
Tomokazu Sugimoto is caught stealing 2nd base 2-4
1-2: Ball
2-2: Strikes out looking
Batting: RHB Julian Gregory 0-0: Ball
1-0: Ball
2-0: Ball
3-0: Called Strike
3-1: Foul Ball, location: 2F
3-2: Base on Balls
Batting: RHB Adan Lake 0-0: Ball
1-0: SINGLE (Groundball, 4MD, EV 105.0 MPH)
Julian Gregory to second
Runner from 2nd tries for 3rd, OUT! 8-5
Bottom of the 1st over - 0 runs, 2 hits, 0 errors, 1 left on base; Montgomery 2 - Jackson 0
TOP OF THE 2ND
Montgomery Biscuits batting - Pitching for Jackson Generals : RHP Frank Kats
Batting: RHB Nelle Lommen 0-0: Ball
1-0: Ball
2-0: Ball
3-0: Called Strike
3-1: Base on Balls
Batting: RHB John Downing 0-0: Called Strike
0-1: Foul Ball, location: 2F
0-2: Strikes out looking
Batting: LHB Danny Hull 0-0: Ground out 6-3 (Groundball, 6MS, EV 70.6 MPH)
Nelle Lommen to second
Batting: RHB Roberto Aispuro 0-0: Ball
1-0: Swinging Strike
1-1: Ball
2-1: Swinging Strike
2-2: Strikes out swinging, 2-3 out at first.
Top of the 2nd over - 0 runs, 0 hits, 0 errors, 1 left on base; Montgomery 2 - Jackson 0
BOTTOM OF THE 2ND
Jackson Generals batting - Pitching for Montgomery Biscuits : RHP Miguel Romero
Batting: RHB Hideo Okimura 0-0: Called Strike
0-1: Foul Ball, location: 2F
0-2: Strikes out looking
Batting: SHB Brendan Bundy 0-0: Foul Ball, location: 2F
0-1: Called Strike
0-2: Ball
1-2: Foul Ball, location: 2F
1-2: Ball
2-2: Foul Ball, location: 2F
2-2: Ground out 4-3 (Groundball, 4M, EV 96.9 MPH)
Batting: RHB Victor Rosas 0-0: Ball
1-0: Ball
2-0: Ball
3-0: Called Strike
3-1: Base on Balls
Batting: RHB Ching-hsia Zhang 0-0: Foul Ball, location: 2F
0-1: Ball
1-1: Ground out 5-3 (Groundball, 56S, EV 80.0 MPH)
Bottom of the 2nd over - 0 runs, 0 hits, 0 errors, 1 left on base; Montgomery 2 - Jackson 0
TOP OF THE 3RD
Montgomery Biscuits batting - Pitching for Jackson Generals : RHP Frank Kats
Batting: LHB Darryl Gonnella 0-0: Fly out, F9 (Flyball, 9S, EV 89.4 MPH)
Batting: RHB Chris Thorson 0-0: Called Strike
0-1: Ball
1-1: Ball
2-1: Fly out, F9 (Flyball, 9D, EV 101.9 MPH)
Batting: RHB Alex Diaz 0-0: Foul Ball, location: 2F
0-1: Foul Ball, location: 2F
0-2: Ground out 6-3 (Groundball, 56, EV 102.5 MPH)
Top of the 3rd over - 0 runs, 0 hits, 0 errors, 0 left on base; Montgomery 2 - Jackson 0
BOTTOM OF THE 3RD
Jackson Generals batting - Pitching for Montgomery Biscuits : RHP Miguel Romero
Batting: RHB Egidius Kruger 0-0: Ball
1-0: Ball
2-0: Fly out, F9 (Flyball, 89M, EV 94.4 MPH)
Batting: RHB Tomokazu Sugimoto 0-0: Called Strike
0-1: Ball
1-1: SINGLE (Line Drive, 7LM, EV 100.6 MPH)
Batting: RHB Ryan Criollo 0-0: Ball
1-0: Called Strike
1-1: Foul Ball, location: 2F
1-2: Strikes out looking
Batting: RHB Julian Gregory 0-0: Foul Ball, location: 2F
0-1: Ball
1-1: DOUBLE (Flyball, 78D, EV 113.1 MPH)
Tomokazu Sugimoto to third
Runner from 3rd tries for Home, SAFE, throw by LF to home
Batting: RHB Adan Lake 0-0: Fly out, F8 (Flyball, 8LM, EV 95.6 MPH)
Bottom of the 3rd over - 1 run, 2 hits, 0 errors, 1 left on base; Montgomery 2 - Jackson 1
TOP OF THE 4TH
Montgomery Biscuits batting - Pitching for Jackson Generals : RHP Frank Kats
Batting: LHB Eric Toney 0-0: Ground out U3 (Groundball, 34, EV 111.2 MPH)
Batting: RHB James Huddleston 0-0: Ball
1-0: Ground out 5-3 (Groundball, 5, EV 76.9 MPH)
Batting: RHB Nelle Lommen 0-0: Ball
1-0: Called Strike
1-1: Ball
2-1: Ground out 4-3 (Groundball, 4, EV 90.0 MPH)
Top of the 4th over - 0 runs, 0 hits, 0 errors, 0 left on base; Montgomery 2 - Jackson 1
BOTTOM OF THE 4TH
Jackson Generals batting - Pitching for Montgomery Biscuits : RHP Miguel Romero
Batting: RHB Hideo Okimura 0-0: Ball
1-0: Foul Ball, location: 2F
1-1: Foul Ball, location: 2F
1-2: Foul Ball, location: 2F
1-2: Ball
2-2: Fly out, F7 (Line Drive, 7LM, EV 85.6 MPH)
Batting: SHB Brendan Bundy 0-0: Called Strike
0-1: Called Strike
0-2: Foul Ball, location: 2F
0-2: Ball
1-2: Strikes out swinging
Batting: RHB Victor Rosas 0-0: Ball
1-0: Ball
2-0: Called Strike
2-1: Ball
3-1: Foul Ball, location: 2F
3-2: Base on Balls
Batting: RHB Ching-hsia Zhang 0-0: Ball
1-0: Called Strike
1-1: Ball
2-1: Ground out 5-3 (Groundball, 5S, EV 81.2 MPH)
Bottom of the 4th over - 0 runs, 0 hits, 0 errors, 1 left on base; Montgomery 2 - Jackson 1
TOP OF THE 5TH
Montgomery Biscuits batting - Pitching for Jackson Generals : RHP Frank Kats
Batting: RHB John Downing 0-0: Ball
1-0: Called Strike
1-1: Called Strike
1-2: Ball
2-2: Ball
3-2: Base on Balls
Batting: LHB Danny Hull 0-0: Ball
1-0: Called Strike
1-1: Foul Ball, location: 2F
1-2: SINGLE (Groundball, 56, EV 96.9 MPH)
John Downing to second
Batting: RHB Roberto Aispuro 0-0: Ball
1-0: Foul Ball, location: 2F
1-1: SINGLE (Groundball, 34, EV 97.5 MPH)
John Downing to third
Danny Hull to second
Batting: LHB Darryl Gonnella 0-0: Ball
1-0: SINGLE (Flyball, 7S, EV 86.9 MPH)
John Downing scores
Danny Hull to third
Roberto Aispuro to second
Runner from 3rd tries for Home, throw by LF and OUT! 7-2
Batting: RHB Chris Thorson 0-0: Called Strike
0-1: Called Strike
0-2: Foul Ball, location: 2F
0-2: Foul Ball, location: 2F
0-2: Ball
1-2: Foul Ball, location: 2F
1-2: Ball
2-2: DOUBLE (Line Drive, 9LS, EV 93.8 MPH)
Roberto Aispuro scores
Darryl Gonnella to third
Runner from 3rd tries for Home, SAFE, no throw by RF
Pitching: RHP Adam Fair
Batting: RHB Alex Diaz 0-0: Ball
1-0: Foul Ball, location: 2F
1-1: Ball
2-1: Foul Ball, location: 2F
2-2: Foul Ball, location: 2F
2-2: Ground out 4-3 (Groundball, 4M, EV 103.8 MPH)
Chris Thorson to third
Batting: LHB Eric Toney 0-0: Called Strike
0-1: Called Strike
0-2: Ball
1-2: Foul Ball, location: 2F
1-2: Ball
2-2: Ball
3-2: Ground out 3-1 (Groundball, 34, EV 86.2 MPH)
Top of the 5th over - 3 runs, 4 hits, 0 errors, 1 left on base; Montgomery 5 - Jackson 1
BOTTOM OF THE 5TH
Jackson Generals batting - Pitching for Montgomery Biscuits : RHP Miguel Romero
Batting: RHB Egidius Kruger 0-0: Ball
1-0: Called Strike
1-1: Fly out, F7 (Flyball, 78S, EV 85.6 MPH)
Batting: RHB Tomokazu Sugimoto 0-0: Called Strike
0-1: Ball
1-1: Foul Ball, location: 2F
1-2: Fly out, F7 (Flyball, 78S, EV 93.1 MPH)
Batting: RHB Ryan Criollo 0-0: Called Strike
0-1: Foul Ball, location: 2F
0-2: Strikes out swinging
Bottom of the 5th over - 0 runs, 0 hits, 0 errors, 0 left on base; Montgomery 5 - Jackson 1
TOP OF THE 6TH
Montgomery Biscuits batting - Pitching for Jackson Generals : RHP Adam Fair
Batting: RHB James Huddleston 0-0: Called Strike
0-1: Ball
1-1: Ball
2-1: Foul Ball, location: 2F
2-2: Fly out, F9 (Line Drive, 89M, EV 105.0 MPH)
Batting: RHB Nelle Lommen 0-0: Ball
1-0: Called Strike
1-1: Foul Ball, location: 2F
1-2: Foul Ball, location: 2F
1-2: Foul Ball, location: 2F
1-2: Strikes out looking
Batting: RHB John Downing 0-0: Called Strike
0-1: Called Strike
0-2: Strikes out swinging
Top of the 6th over - 0 runs, 0 hits, 0 errors, 0 left on base; Montgomery 5 - Jackson 1
BOTTOM OF THE 6TH
Jackson Generals batting - Pitching for Montgomery Biscuits : RHP Miguel Romero
Batting: RHB Julian Gregory 0-0: Swinging Strike
0-1: Ball
1-1: Foul Ball, location: 2F
1-2: Strikes out swinging
Batting: RHB Adan Lake 0-0: Ground out 5-3 (Groundball, 56, EV 88.8 MPH)
Batting: RHB Hideo Okimura 0-0: Ball
1-0: Called Strike
1-1: Called Strike
1-2: Ground out 5-3 (Groundball, 56, EV 78.8 MPH)
Bottom of the 6th over - 0 runs, 0 hits, 0 errors, 0 left on base; Montgomery 5 - Jackson 1
TOP OF THE 7TH
Montgomery Biscuits batting - Pitching for Jackson Generals : RHP Adam Fair
Batting: LHB Danny Hull 0-0: Ball
1-0: Ball
2-0: Swinging Strike
2-1: Called Strike
2-2: Foul Ball, location: 2F
2-2: Foul Ball, location: 2F
2-2: Strikes out swinging
Batting: RHB Roberto Aispuro 0-0: Ball
1-0: Foul Ball, location: 2F
1-1: Ball
2-1: Ball
3-1: Called Strike
3-2: Foul Ball, location: 2F
3-2: Fly out, F7 (Line Drive, 7LM, EV 92.5 MPH)
Batting: LHB Darryl Gonnella 0-0: Ball
1-0: Ball
2-0: Foul Ball, location: 2F
2-1: Ball
3-1: Base on Balls
Batting: RHB Chris Thorson 0-0: Fly out, F1 (Line Drive, P, EV 73.1 MPH)
Top of the 7th over - 0 runs, 0 hits, 0 errors, 1 left on base; Montgomery 5 - Jackson 1
BOTTOM OF THE 7TH
Jackson Generals batting - Pitching for Montgomery Biscuits : RHP Miguel Romero
Batting: SHB Brendan Bundy 0-0: Ground out U3 (Groundball, 3, EV 108.8 MPH)
Batting: RHB Victor Rosas 0-0: Called Strike
0-1: Swinging Strike
0-2: Fly out, F7 (Line Drive, 7, EV 110.0 MPH)
Batting: RHB Ching-hsia Zhang 0-0: Called Strike
0-1: Foul Ball, location: 2F
0-2: Foul Ball, location: 2F
0-2: Fly out, F8 (Line Drive, 89M, EV 93.8 MPH)
Bottom of the 7th over - 0 runs, 0 hits, 0 errors, 0 left on base; Montgomery 5 - Jackson 1
TOP OF THE 8TH
Montgomery Biscuits batting - Pitching for Jackson Generals : RHP Adam Fair
Pitching: RHP Jose Acevedo
Batting: RHB Alex Diaz 0-0: Swinging Strike
0-1: Ball
1-1: Fly out, F9 (Flyball, 89S, EV 86.9 MPH)
Batting: LHB Eric Toney 0-0: Ball
1-0: SOLO HOME RUN (Flyball, 9D, EV 105.6 MPH), Distance : 394 ft
Batting: RHB James Huddleston 0-0: Ball
1-0: Foul Ball, location: 2F
1-1: Foul Ball, location: 2F
1-2: Hit by Pitch
Batting: RHB Nelle Lommen 0-0: Ball
1-0: SINGLE (Line Drive, 5D, EV 100.6 MPH)
James Huddleston to second
Batting: RHB John Downing 0-0: Fly out, F7 (Line Drive, 7LM, EV 88.1 MPH)
Batting: LHB Danny Hull 0-0: Ball
1-0: Called Strike
1-1: Fly out, F6 (Popup, 5D, EV 49.4 MPH)
Top of the 8th over - 1 run, 2 hits, 0 errors, 2 left on base; Montgomery 6 - Jackson 1
BOTTOM OF THE 8TH
Jackson Generals batting - Pitching for Montgomery Biscuits : RHP Miguel Romero
Batting: RHB Egidius Kruger 0-0: Ball
1-0: Foul Ball, location: 2F
1-1: Ball
2-1: Fly out, F2 (Popup, 5SF, EV 86.9 MPH)
Pitching: RHP Melvin Pena
Batting: RHB Tomokazu Sugimoto 0-0: Called Strike
0-1: Called Strike
0-2: Ball
1-2: Strikes out swinging
Batting: RHB Ryan Criollo 0-0: Fly out, F7 (Line Drive, 78M, EV 110.6 MPH)
Bottom of the 8th over - 0 runs, 0 hits, 0 errors, 0 left on base; Montgomery 6 - Jackson 1
TOP OF THE 9TH
Montgomery Biscuits batting - Pitching for Jackson Generals : RHP Jose Acevedo
Batting: RHB Roberto Aispuro 0-0: Ball
1-0: Called Strike
1-1: SOLO HOME RUN (Flyball, 7LD, EV 95.0 MPH), Distance : 361 ft
Batting: LHB Darryl Gonnella 0-0: Ball
1-0: Called Strike
1-1: Ground out 3-1 (Groundball, 34S, EV 79.4 MPH)
Batting: RHB Chris Thorson 0-0: Ball
1-0: SINGLE (Line Drive, 6MD, EV 97.5 MPH)
Batting: RHB Alex Diaz 0-0: Called Strike
0-1: Ball
1-1: Ball
2-1: Swinging Strike
2-2: Grounds into double play, 5-4-3 (Groundball, 56, EV 104.4 MPH)
Top of the 9th over - 1 run, 2 hits, 0 errors, 0 left on base; Montgomery 7 - Jackson 1
BOTTOM OF THE 9TH
Jackson Generals batting - Pitching for Montgomery Biscuits : RHP Melvin Pena
Batting: RHB Julian Gregory 0-0: Ball
1-0: Ball
2-0: Called Strike
2-1: Foul Ball, location: 2F
2-2: Foul Ball, location: 2F
2-2: Foul Ball, location: 2F
2-2: Ball
3-2: Base on Balls
Batting: RHB Adan Lake 0-0: Ball
1-0: Ball
2-0: Fielders Choice at 2nd, 5-4 (Groundball, 56, EV 105.0 MPH)
Batting: RHB Hideo Okimura 0-0: Ball
1-0: Grounds into double play, 4-6-3 (Groundball, 4, EV 81.2 MPH)
Bottom of the 9th over - 0 runs, 0 hits, 0 errors, 0 left on base; Montgomery 7 - Jackson 1
Tuesday, March 28th , 2023 - OOTP Baseball 23.10 Build 110